 Dungeon Crawl Stone Soup version 0.24.1-8-ga250c9d538 (webtiles) character file.

Game seed: 17346776617329744663, levelgen mode: deterministic

1390 Hugehornet the Insei (level 8, 0/51 HPs)
             Began as an Octopode Transmuter on May 2, 2020.
             Was a Follower of Cheibriados.
             Slain by a water moccasin zombie (5 damage)
             ... on level 7 of the Dungeon.
             The game lasted 00:13:32 (6830 turns).

Hugehornet the Insei (Octopode Transmuter)          Turns: 6830, Time: 00:13:33

Health: 0/51       AC:  2    Str: 11    XL:     8   Next: 68%
Magic:  13/14      EV: 21    Int: 19    God:    Cheibriados [*.....]
Gold:   243        SH:  0    Dex: 20    Spells: 4/15 levels left

rFire    . . .     SeeInvis .     - Unarmed
rCold    . . .     Gourm    .   (shield currently unavailable)
rNeg     . . .     Faith    .   (helmet currently unavailable)
rPois    .         Spirit   .   b - amulet of the acrobat
rElec    .         Reflect  .   g - ring of poison resistance
rCorr    .         Harm     .   p - ring of wizardry
MR       .....                  (no ring)
Stlth    +++.......             (no ring)
HPRegen  0.17/turn              (no ring)
MPRegen  0.14/turn              (no ring)
                                (no ring)
                                (no ring)

@: spider-form, very slow
A: tiny, almost no armour, stealthy swim, (amphibious), 8 rings, (constrict 8)
a: End Transformation, Bend Time, Renounce Religion


You were on level 7 of the Dungeon.
You worshipped Cheibriados.
Cheibriados was aware of your devotion.
You were very hungry.
You were a venomous arachnid creature.
You visited 2 branches of the dungeon, and saw 8 of its levels.

You collected 291 gold pieces.
You spent 48 gold pieces at shops.

Inventory:

Missiles
 a - 115 arrows
Jewellery
 b - an amulet of the acrobat (around neck)
 g - a ring of poison resistance (left front leg)
 p - a ring of wizardry (right front leg)
Wands
 f - a wand of acid (5)
 t - a wand of polymorph (11)
Scrolls
 d - 6 scrolls of remove curse
 k - a scroll of immolation {unknown}
 l - 2 scrolls of magic mapping {unknown}
 m - 3 scrolls of teleportation {unknown}
 q - 2 scrolls of enchant armour {unknown}
 s - a scroll of vulnerability {unknown}
 u - a scroll of identify
Potions
 e - a potion of might
 h - 2 potions of heal wounds
 i - a potion of curing
 j - a potion of flight
 n - a potion of brilliance
 o - 2 potions of mutation
 r - a potion of agility {unknown}
 v - 2 potions of resistance {unknown}
Comestibles
 c - 10 rations


   Skills:
 - Level 2.5 Fighting
 - Level 3.0 Dodging
 - Level 3.0 Stealth
 * Level 6.5 Unarmed Combat
 + Level 4.0 Spellcasting
 * Level 6.2 Transmutations
 - Level 2.0 Poison Magic


You had 4 spell levels left.
You knew the following spells:

 Your Spells              Type           Power        Failure   Level  Hunger
a - Beastly Appendage     Tmut           ####..       2%          1    None
b - Sticks to Snakes      Tmut           ####....     2%          2    ##.....
c - Spider Form           Tmut/Pois      ###.......   9%          3    ###....
d - Blade Hands           Tmut           ####......   22%         5    ######.

Your spell library contained the following spells:

 Spells                   Type           Power        Failure   Level  Hunger
 Ice Form                 Ice/Tmut       ###.....     28%         4    ####...


Dungeon Overview and Level Annotations

Branches:
Dungeon (7/15)             Temple (1/1) D:6

Altars:
Ashenzari
Cheibriados
Dithmenos
Elyvilon
Fedhas
Gozag
Hepliaklqana
Kikubaaqudgha
Makhleb
Nemelex Xobeh
Okawaru
Qazlal
Ru
Sif Muna
Trog
Uskayaw
Vehumet
Wu Jian
Yredelemnul
The Shining One

Shops:
D:5 ?


Innate Abilities, Weirdness & Mutations

You cannot wear most types of armour.
You are very stealthy in the water. (Stealth+)
((You are amphibious.))
You can wear up to eight rings at the same time.
((You can use your tentacles to constrict eight enemies at once.))
((Your skin changes colour to match your surroundings (Stealth+).))
((Your rubbery body absorbs attacks. (AC +1, EV +1)))


Message History

You kill the orc!
Cheibriados appreciates the change of pace.
The water moccasin zombie misses you.
You hit the water moccasin zombie.
The water moccasin zombie is lightly damaged.
The water moccasin zombie misses you.
You barely miss the water moccasin zombie.
The water moccasin zombie is lightly damaged.
The water moccasin zombie misses you.
You bite the water moccasin zombie!
The water moccasin zombie is moderately damaged.
The water moccasin zombie closely misses you.
You barely miss the water moccasin zombie.
The water moccasin zombie is moderately damaged.
The water moccasin zombie bites you.
* * * LOW HITPOINT WARNING * * *
You hit the water moccasin zombie.
The water moccasin zombie is moderately damaged.
The water moccasin zombie bites you.
You die...

#... ##...# .. ####
###....# . .#
##..#######......##..
.###......##............
.##.......# #...........
.#........###...........
.......##..##....Z......
.....####.......s†..#
.....####......)))......
......##..####.........#
..>......## #.#####....
.........# #.# ...
####....#####..# .. #
###...(.....# .
#.........# #...#####.


You could see a water moccasin zombie.

Vanquished Creatures
  Eustachio (D:6)
  A phantom (D:7)
  2 centaurs
  2 bullfrogs (D:6)
  A water moccasin zombie (D:7)
  3 scorpions
  3 crimson imps
  3 hounds
  2 orc wizards
  Crazy Yiuf (D:6)
  2 orc priests
  An iguana (D:6)
  3 worker ants
  A hound skeleton (D:5)
  10 adders
  A worm (D:4)
  3 dart slugs (D:1)
  2 leopard geckos
  23 orcs
  6 giant cockroaches
  10 goblins
  8 hobgoblins
  7 jackals
  5 kobolds
  4 quokkas
  A ball python (D:4)
  6 bats
  A frilled lizard (D:1)
  9 rats
  A fungus (D:6)
123 creatures vanquished.

Vanquished Creatures (collateral kills)
  An ogre (D:7)
  A leopard gecko (D:7)
  An orc (D:6)
3 creatures vanquished.

Grand Total: 126 creatures vanquished

Notes
Turn   | Place    | Note
-------+----------+-------------------------------------------
     0 | D:1      | Hugehornet the Octopode Transmuter began the quest for the
                  | Orb.
     0 | D:1      | Reached XP level 1. HP: 13/13 MP: 3/3
    79 | D:1      | Reached XP level 2. HP: 12/18 MP: 3/5
   569 | D:1      | Reached XP level 3. HP: 21/23 MP: 6/6
  1147 | D:2      | Learned a level 2 spell: Sticks to Snakes
  1151 | D:2      | Learned a level 3 spell: Spider Form
  1228 | D:2      | HP: 1/23 [jackal (1)]
  1583 | D:2      | Reached skill level 1 in Stealth
  1759 | D:2      | Reached XP level 4. HP: 28/28 MP: 5/7
  2455 | D:3      | Reached skill level 1 in Poison Magic
  2463 | D:3      | Reached XP level 5. HP: 15/34 MP: 4/8
  3055 | D:4      | Reached XP level 6. HP: 13/39 MP: 6/9
  3957 | D:5      | Entered Level 5 of the Dungeon
  4060 | D:5      | Found Moutuhya's Magic Scroll Shoppe.
  4069 | D:5      | Bought a scroll of identify for 24 gold pieces
  4069 | D:5      | Bought a scroll of identify for 24 gold pieces
  4245 | D:5      | Found an iron altar of Okawaru.
  4246 | D:5      | Found an ornate altar of the Wu Jian Council.
  4390 | D:5      | Reached XP level 7. HP: 32/45 MP: 11/11
  4494 | D:5      | You fall into a shaft and drop 1 floor!
  4592 | D:6      | Found a staircase to the Ecumenical Temple.
  4608 | Temple   | Entered the Ecumenical Temple
  4727 | Temple   | Became a worshipper of Cheibriados the Contemplative
  4916 | D:6      | Reached skill level 5 in Unarmed Combat
  5491 | D:6      | Reached skill level 5 in Transmutations
  5517 | D:6      | Noticed Eustachio
  5528 | D:6      | Killed Eustachio
  5528 | D:6      | Reached XP level 8. HP: 45/51 MP: 4/13
  5624 | D:6      | Reached * piety under Cheibriados
  5774 | D:6      | Learned a level 5 spell: Blade Hands
  6044 | D:6      | Found a runed translucent door.
  6045 | D:6      | Noticed Crazy Yiuf
  6056 | D:6      | Killed Crazy Yiuf
  6830 | D:7      | Slain by a water moccasin zombie

Levels and vault maps discovered:
D:1:      dpeg_arrival_tiny_g, layout_basic
D:2:      layout_loops_ring
D:3:      layout_rooms
D:4:      layout_loops_ring, first_ration
D:5:      layout_loops_ring, grunt_temple_overflow_open, serial_shops, shop,
          hangedman_decor_peaks_small
D:6:      layout_cave_pools, minmay_temple_entry_enclosed_plants,
          uniq_eustachio, uniq_crazy_yiuf_cottage
D:7:      layout_layer_cave, overflow_temple_1_default, gammafunk_ghost_cemetery
Temple:   hc_temple_tempest_star

Skill      XL: |  1  2  3  4  5  6  7  8 |
---------------+-------------------------+-----
Stealth        | 1 2 3 |  3.0
Transmutations | 3 4 5 6 |  6.2
Poison Magic   | 1 2 |  2.0
Fighting       | 2 |  2.5
Unarmed Combat | 4 5 6 |  6.5
Dodging        | 3 |  3.0
Spellcasting   | 3 4 |  4.0

Action                   |  1- 3 |  4- 6 |  7- 9 || total
-------------------------+-------+-------+-------++-------
Melee: Unarmed           |    81 |   151 |   117 ||   349
       Constrict         |    30 |    33 |    11 ||    74
       Kick              |    16 |    31 |    14 ||    61
       Tentacles         |     6 |    25 |     9 ||    40
       Punch             |     1 |     2 |     3 ||     6
 Cast: Beastly Appendage |    24 |    35 |     9 ||    68
       Spider Form       |       |     4 |     7 ||    11
       Sticks to Snakes  |       |       |     9 ||     9
       Blade Hands       |       |       |     1 ||     1
  Use: Scroll            |     3 |     6 |       ||     9
 Stab: Sleeping          |     7 |    11 |     4 ||    22
  Eat: Chunk             |     2 |    10 |     3 ||    15
       Ration            |       |       |     1 ||     1
Armor: Skin              |     3 |     6 |     4 ||    13
Dodge: Dodged            |    38 |   113 |    84 ||   235
